 Dungeon Crawl Stone Soup version 0.22-a0-247-gbddf880 (webtiles) character file.

7 Amnesiac the Charlatan (level 1, -1/11 HPs)
             Began as a Deep Elf Artificer on Feb 25, 2018.
             Slain by a hobgoblin
             ... wielding a +0 club
              (6 damage)
             ... on level 1 of the Dungeon.
             The game lasted 00:00:48 (275 turns).

Amnesiac the Charlatan (Deep Elf Artificer)          Turns: 275, Time: 00:00:49

Health: -1/11      AC:  3    Str:  9    XL:     1   Next: 91%
Magic:  5/5        EV: 12    Int: 15    God:
Gold:   10         SH:  0    Dex: 15    Spells: 0/0 levels left

rFire    . . .     SeeInvis .   a - +0 short sword
rCold    . . .     Gourm    .   (no shield)
rNeg     . . .     Faith    .   b - +0 leather armour
rPois    .         Spirit   .   (no helmet)
rElec    .         Reflect  .   (no cloak)
rCorr    .         Harm     .   (no gloves)
MR       .....                  (no boots)
Stlth    ++........             (no amulet)
HPRegen  0.03/turn              (no ring)
MPRegen  0.09/turn              (no ring)

@: no status effects
A: no striking features
a: no special abilities


You were on level 1 of the Dungeon.
You were not hungry.

You visited 1 branch of the dungeon, and saw 1 of its levels.

You collected 10 gold pieces.

Inventory:

Hand Weapons
 a - a +0 short sword (weapon)
Missiles
 h - 35 stones (quivered)
Armour
 b - a +0 leather armour (worn)
Wands
 c - a wand of flame (15)
 d - a wand of enslavement (15)
 e - a wand of random effects (15)
Scrolls
 g - a scroll of teleportation {!r, unknown}
Comestibles
 f - a ration


   Skills:
 - Level 0.7 Fighting
 - Level 1.0 Short Blades
 - Level 2.4 Dodging
 - Level 1.2 Stealth
 * Level 3.9 Evocations


You couldn't memorise any spells.
You didn't know any spells.

Dungeon Overview and Level Annotations

Branches:
Dungeon (1/15)

Altars:


Message History

The leopard gecko closely misses you.
A bat comes into view.
You closely miss the leopard gecko.
The leopard gecko is heavily wounded.
The leopard gecko closely misses you.
The leopard gecko bites you but does no damage.
You barely miss the leopard gecko.
The leopard gecko is heavily wounded.
The leopard gecko barely misses you.
You hit the leopard gecko.
You kill the leopard gecko!
The bat barely misses you. The bat closely misses you.
You miss the bat. The bat hits you. The bat barely misses you.
The bat hits you but does no damage.
You see here 10 gold pieces.
The bat misses you. The bat barely misses you.
The bat hits you but does no damage.
Found a green potion.
You miss the bat. The bat hits you. The bat barely misses you.
The bat hits you but does no damage.
Found a scroll labeled GORUTW QEMUOPATIC.
The bat misses you.
Found a cloak.
You closely miss the bat. The bat barely misses you. x2
You hit the bat.
The bat is moderately wounded.
The bat misses you.
You closely miss the bat.
The bat is moderately wounded.
The bat barely misses you.
You hit the bat but do no damage.
The bat is moderately wounded.
The bat closely misses you.
You swing at nothing.
The bat hits you.
* * * LOW HITPOINT WARNING * * *
You hit the bat.
You kill the bat!
You swing at nothing.
You now have 10 gold pieces.
h - 22 stones
Found 6 gold pieces.
h - 35 stones (gained 13)
A hobgoblin comes into view. It is wielding a club.
A hobgoblin is nearby!
The hobgoblin shouts!
You hear a shout!
Found a scroll labeled VEMPAPOELI.
A hobgoblin comes into view. It is wielding a club.
You start resting.
You start resting.
HP restored.
You start resting.
A hobgoblin is nearby!
A hobgoblin is nearby!
Your leather armour prevents you from hitting the hobgoblin.
The hobgoblin hits you but does no damage.
You hit the hobgoblin but do no damage. The hobgoblin closely misses you.
You closely miss the hobgoblin. The hobgoblin hits you with a club.
You hit the hobgoblin but do no damage. The hobgoblin hits you with a club.
* * * LOW HITPOINT WARNING * * *
You closely miss the hobgoblin.
The hobgoblin hits you but does no damage.
You barely miss the hobgoblin. The hobgoblin hits you with a club.
Ouch! That really hurt!
You die...

#.... .. #..##.##. ..#
.... #.# #. #.#####.
######## #....... ##
#...g..# #.###.#. #.
#g####.####.###.#.
#.#######@####.#....#.#.#.
#............#g#g###......
#..#.##.#.##.#.#.##)#..###
#..#.##.#.##.#.#.#.###....
#..).##.#....g....## ##.##
##.####.##########.# #.#
###.####.# #.# #.
#........# #.# #
#.######## #.#


You could see a hobgoblin.

Vanquished Creatures
  A leopard gecko (D:1)
  3 bats (D:1)
  A goblin (D:1)
  A frilled lizard (D:1)
6 creatures vanquished.

Notes
Turn   | Place    | Note
-------+----------+-------------------------------------------
     0 | D:1      | Amnesiac the Deep Elf Artificer began the quest for the Orb.
     0 | D:1      | Reached XP level 1. HP: 11/11 MP: 5/5
   275 | D:1      | Slain by a hobgoblin

Vault maps used:
D:1:      saegor_arrival_simple_c, minmay_tromino_i4

Action                   || total
-------------------------++-------
Melee: Short sword       ||    51
Armor: Leather armour    ||    28
Dodge: Dodged            ||    47

Table legend:
 A = Spawn XP
 B = Non-spawn XP
 C = Spawn XP percentage of total XP
 D = Spawn monster count
 E = Non-spawn monster count
 F = Spawn count percentage of total count
 G = Total turns spent on level
                    A         B        C        D         E        F      G
               +---------+---------+-------+---------+---------+-------+---------
         Total |       0 |      11 |   0.0 |       0 |       6 |   0.0 |   275
               +---------+---------+-------+---------+---------+-------+---------
           D:1 |       0 |      11 |   0.0 |       0 |       6 |   0.0 |   275
               +---------+---------+-------+---------+---------+-------+---------
